cohdb
Replays
Latest Replays
All Replays
Popular Replays
Top Player Replays
Match Explorer
How It Works
Community
CoH3 Stats
Reddit
Sign in to upload your games and track your stats! →
Sign in with Steam
Match 40450198
Unlisted
Match 40450198
Overview
Messages
Build Orders
End
Kradschützen Motorcycle Team
Selects Panzerjäger Kommand Battlegroup
Panzergrenadier Squad
Panzergrenadier Squad
250 Light Carrier
Selects GrB 39 Grenade Launcher Requisition
Panzergrenadier Squad
Construct Light Support Kompanie
Fire Support Elements
Flakvierling Half-track
Selects Mine Fields
le.IG 18 Mechanized Group
Selects Early Warning
Selects Butterfly Bomb Drop
Vehicle Survival Package
Pak 38 Anti-tank Gun Team
Assault Mechanized Group
2.5-tonne Medical Truck
Butterfly Bomb Drop
Pak 38 Anti-tank Gun Team
Construct Panzerarmee Kommand
Selects Crew Shock Tactics
Veteran Squad Leaders
Early Warning
Walking Stuka Rocket Launcher
Armored Reserves
Butterfly Bomb Drop
Selects Elefant Tank Destroyer
Panzerpioneer Squad
Tiger Heavy Tank
Butterfly Bomb Drop
Emergency Repair Kits
Panzer IV Assault Group
Butterfly Bomb Drop
Sparkle
Mo-J
Wheeler
brn4meplz
Zepher
Lionel23
0
0
Comments
sign in to comment!
No comments posted yet!